AoeStats
← Giladren

Arabia

505281031Analyzed
1v1 RM · 23d ago on Sep 8, 2026· 22m 43s· 2 players
Game mode
Random Map
Map size
Tiny (2 player)
Population
200
Speed
Normal
Resources
Standard
Victory
Conquest
Starting age
Dark Age
Ending age
Imperial Age
RankedLock teamsTeams togetherTeam positionsShared explorationLock speedFull tech treeHidden civsTurbo modeCheats
Victory
Defeat
🇨🇿 Shu · Czechia
1025
+14
🇫🇷 Magyars · France
991
-14
Optimal
5:38 Loom
9:02 Feudal Age
11:13 Wheelbarrow
17:35 Double-Bit Axe
23:59 Castle Age
Giladren
0:38 Loom
2:24 Loom
2:47 Loom
3:11 Loom
3:46 Loom
10:55 Feudal Age
18:03 Castle Age
16:37 Padded Archer Armor
16:32 Gold Mining
17:05 Double-Bit Axe
18:34 Fletching
18:08 Crossbowman
20:20 Bodkin Arrow
Connection lost

Rejoining the realm…

Still unreachable

The connection could not be restored.

Session expired

The server has moved on; the page needs a fresh start.